[Event "Titled Tuesday Blitz January 17 Early 2023"]
[White "Tanenbaum, Zachary"]
[Black "Buksa, Nataliya"]
[WhiteFideId "2060850"]
[BlackFideId "14123622"]
[WhiteElo "2261"]
[BlackElo "2406"]
[Result "1-0"]
[Round "07"]
[TimeControl "180+2"]
[Date "2023.01.17"]
[WhiteClock "0:00:09"]
[BlackClock "0:00:10"]

1. e4 c5 2. Nf3 Nc6 3. Nc3 e5 4. Bc4 Be7 5. d3 d6 6. Nd2 Bg5 7. Nf1 Bxc1 8. Rxc1 Nf6 9. Ne3 O-O 10. O-O a6 11. a4 Nd4 12. Ned5 Nxd5 13. Nxd5 b5 14. Ba2 bxa4 15. c3 Nb3 16. Bxb3 axb3 17. Qxb3 Be6 18. Ra1 Qg5 19. Qc4 a5 20. Qb5 Rfb8 21. Qc6 Qd8 22. Nc7 Rc8 23. Nxe6 fxe6 24. Qa4 Rcb8 25. Qc4 Qd7 26. Ra2 Rb5 27. Rfa1 Rab8 28. Rxa5 Rxb2 29. f3 h5 30. Ra7 R2b7 31. Rxb7 Rxb7 32. Qa2 Kh7 33. Qf2 Qf7 34. Qg3 Qf6 35. h3 Qh6 36. Kh2 Qf6 37. Ra6 Rd7 38. Ra8 Rb7 39. Ra6 Rd7 40. h4 Qf4 41. Qxf4 exf4 42. d4 cxd4 43. cxd4 Kg8 44. Ra5 g6 45. Ra6 Kf7 46. Rc6 Ke7 47. Kg1 Ra7 48. Rc2 Ra4 49. Rc7+ Kf6 50. e5+ dxe5 51. dxe5+ Kxe5 52. Rc5+ Kf6 53. Rg5 Rd4 54. Rc5 Rd2 55. Rc8 Rd6 56. Rf8+ Ke5 57. Rg8 Kf6 58. Rf8+ Ke5 59. Rg8 Kd4 60. Rxg6 Ke3 61. Rh6 Rd1+ 62. Kh2 Kf2 63. Rxe6 Rg1 64. Re2+ Kxe2 65. Kxg1 Ke1 66. g3 fxg3 67. f4 Ke2 68. f5 Kf3 69. f6 Kg4 70. f7 Kxh4 71. f8=Q Kh3 72. Qf5+ Kh4 73. Qf4+ Kh3 74. Qg5 g2 75. Qxg2+ Kh4 76. Qf2+ Kh3 77. Qf3+ Kh4 78. Qe3 Kg4 79. Kg2 Kh4 80. Qf4# 1-0


[Site "https://www.chess.com"]

[Event "Titled Tuesday Blitz January 17 Early 2023"]
[White "Kvaloy, Aksel Bu"]
[Black "Averjanov, Alexey"]
[WhiteFideId "1528815"]
[BlackFideId "14109867"]
[WhiteElo "2321"]
[BlackElo "2399"]
[Result "1/2-1/2"]
[Round "07"]
[TimeControl "180+2"]
[Date "2023.01.17"]
[WhiteClock "0:01:23"]
[BlackClock "0:02:46"]

1. d4 d5 2. c4 dxc4 3. Nf3 Nf6 4. e3 e6 5. Bxc4 a6 6. O-O b5 7. Be2 Bb7 8. b3 Nbd7 9. Bb2 c5 10. dxc5 Bxc5 11. a3 O-O 12. b4 Be7 13. Nbd2 a5 14. Bxb5 axb4 15. axb4 Rxa1 16. Qxa1 Bxb4 17. Bxd7 Qxd7 18. Bxf6 gxf6 19. Qxf6 Bxd2 20. Qg5+ Kh8 21. Ne5 Qd5 22. Qf6+ Kg8 23. Qg5+ Kh8 24. Qf6+ Kg8 25. Qg5+ Kh8 1/2-1/2


[Site "https://www.chess.com"]

[Event "Titled Tuesday Blitz January 17 Early 2023"]
[White "Injac, Teodora"]
[Black "Pein, Jonathan"]
[WhiteFideId "932400"]
[BlackFideId "417092"]
[WhiteElo "2391"]
[BlackElo "2265"]
[Result "0-1"]
[Round "07"]
[TimeControl "180+2"]
[Date "2023.01.17"]
[WhiteClock "0:00:03"]
[BlackClock "0:00:07"]

1. d3 g6 2. Nf3 Bg7 3. g3 b6 4. Bg2 Bb7 5. e4 d5 6. e5 c5 7. h4 h6 8. Qe2 e6 9. c4 Ne7 10. Nc3 a6 11. Bf4 Nbc6 12. O-O Nf5 13. cxd5 exd5 14. Qd2 O-O 15. Rfe1 Re8 16. Rab1 b5 17. Rbc1 Qd7 18. Nd1 Bf8 19. Ne3 Nxe3 20. Bxe3 d4 21. Bxh6 Ne7 22. Bxf8 Rxf8 23. Rxc5 Nf5 24. Qg5 Ng7 25. Rec1 Ne6 26. Qh6 Bxf3 27. Bxf3 Nxc5 28. Bxa8 Nxd3 29. Bc6 Qc7 30. Rc2 Nb4 31. Rc5 Nxc6 32. Qc1 Rc8 33. h5 Qd7 34. hxg6 fxg6 35. Qg5 Qe6 36. f4 Rf8 37. Qh6 d3 38. Rc1 d2 39. Rd1 Nd4 40. Kf2 Nf5 41. Qg5 Qb6+ 42. Ke2 Qe3+ 43. Kf1 Qf3+ 44. Kg1 Qxg3+ 45. Kf1 0-1


[Site "https://www.chess.com"]

[Event "Titled Tuesday Blitz January 17 Early 2023"]
[White "Goltseva, Ekaterina"]
[Black "Arabidze, Meri"]
[WhiteFideId "24173770"]
[BlackFideId "13604040"]
[WhiteElo "2283"]
[BlackElo "2441"]
[Result "0-1"]
[Round "07"]
[TimeControl "180+2"]
[Date "2023.01.17"]
[WhiteClock "0:00:01"]
[BlackClock "0:01:07"]

1. Nf3 f5 2. d4 Nf6 3. g3 e6 4. Bg2 d5 5. c4 c6 6. O-O Bd6 7. b3 Qe7 8. a4 a5 9. Ba3 Bxa3 10. Nxa3 O-O 11. Nc2 Na6 12. Ne5 Bd7 13. Qd2 b6 14. f3 c5 15. e3 Rfd8 16. Qe2 Be8 17. Rfd1 Nb4 18. Nxb4 axb4 19. Rac1 Rac8 20. Qe1 Bh5 21. h3 Be8 22. g4 dxc4 23. Nxc4 fxg4 24. hxg4 Nd5 25. dxc5 bxc5 26. Kh2 Qf6 27. Qg3 Nxe3 28. Rxd8 Rxd8 29. g5 Qd4 30. Nxe3 Qxe3 31. Re1 Qxb3 32. Bh3 Bf7 33. Qc7 Qd5 34. Bg2 Qxg5 35. a5 Qh4+ 36. Kg1 Qxe1+ 37. Kh2 Qh4+ 38. Kg1 Rd1+ 39. Bf1 h6 0-1


[Site "https://www.chess.com"]

[Event "Titled Tuesday Blitz January 17 Early 2023"]
[White "Mayank Chakraborty"]
[Black "Volkov, Maksim"]
[WhiteFideId "25659766"]
[BlackFideId "54123070"]
[WhiteElo "2025"]
[BlackElo "2258"]
[Result "0-1"]
[Round "07"]
[TimeControl "180+2"]
[Date "2023.01.17"]
[WhiteClock "0:00:04"]
[BlackClock "0:00:11"]

1. e4 c5 2. Nc3 d6 3. d4 cxd4 4. Qxd4 Nc6 5. Qd2 g6 6. b3 Bh6 7. f4 e5 8. Nb5 Bxf4 9. Qxd6 Qxd6 10. Nxd6+ Kf8 11. Bxf4 exf4 12. O-O-O Bg4 13. Be2 Be6 14. Nxb7 Nf6 15. Nc5 Ke7 16. Nf3 Ng4 17. Nxe6 fxe6 18. Nd4 Nce5 19. Bxg4 Nxg4 20. Nc6+ Kf6 21. Rd6 Rhc8 22. Re1 Ne3 23. c4 Nxg2 24. e5+ Kf7 25. Rf1 g5 26. Nd4 Rd8 27. c5 Ne3 28. Rg1 h6 29. Nc6 Re8 30. h4 Kg6 31. hxg5 hxg5 32. Nd4 Rad8 33. Nxe6 Rxd6 34. exd6 f3 35. d7 Rh8 36. Rxg5+ Kf6 37. Rg3 f2 38. d8=Q+ Rxd8 39. Rf3+ Ke7 40. Rxf2 Kxe6 0-1


[Site "https://www.chess.com"]

[Event "Titled Tuesday Blitz January 17 Early 2023"]
[White "Sadubayev, Airat"]
[Black "Shuvalov, Evgenij"]
[WhiteFideId "13713264"]
[BlackFideId "4187237"]
[WhiteElo "2320"]
[BlackElo "2038"]
[Result "1-0"]
[Round "07"]
[TimeControl "180+2"]
[Date "2023.01.17"]
[WhiteClock "0:01:57"]
[BlackClock "0:00:30"]

1. d4 Nf6 2. c4 g6 3. Nc3 d5 4. cxd5 Nxd5 5. e4 Nxc3 6. bxc3 Bg7 7. Nf3 c5 8. Be3 O-O 9. Be2 Nd7 10. O-O Qa5 11. Qb3 Nf6 12. e5 Be6 13. c4 Ng4 14. d5 Nxe3 15. Qxe3 Bf5 16. Bd3 Qa3 17. Rfd1 f6 18. Bxf5 Qxe3 19. Be6+ Kh8 20. fxe3 fxe5 21. e4 1-0


[Site "https://www.chess.com"]

[Event "Titled Tuesday Blitz January 17 Early 2023"]
[White "sabkeIXO"]
[Black "Dehtiarov, Roman"]
[BlackFideId "14186640"]
[WhiteElo "2481"]
[BlackElo "2289"]
[Result "0-1"]
[Round "07"]
[TimeControl "180+2"]
[Date "2023.01.17"]
[WhiteClock "0:00:26"]
[BlackClock "0:01:28"]

1. e4 e5 2. Nf3 Nc6 3. d4 exd4 4. Bc4 Nf6 5. e5 d5 6. Bb5 Ne4 7. Nxd4 Bd7 8. Bxc6 bxc6 9. O-O Bc5 10. f3 Ng5 11. f4 Ne4 12. Be3 O-O 13. Nd2 f5 14. Nxe4 fxe4 15. Qd2 Qe7 16. Nb3 Bb6 17. Qc3 Rad8 18. Nc5 Bg4 19. b4 Be2 20. Rf2 Bc4 21. a4 a5 22. f5 axb4 23. Qd4 Bxc5 24. Qxc5 Qxe5 25. Bd4 Qd6 26. a5 Ra8 27. Rb1 Rfb8 28. f6 gxf6 29. Rxf6 Qxc5 30. Bxc5 Rxa5 31. Rxc6 Rb7 32. Kf2 Ra2 33. Rxb4 Rxc2+ 34. Kg3 Bb5 0-1


[Site "https://www.chess.com"]

[Event "Titled Tuesday Blitz January 17 Early 2023"]
[White "Nguyen Hong Nhung"]
[Black "Carnicelli, Valerio"]
[WhiteFideId "12412201"]
[BlackFideId "856185"]
[WhiteElo "2003"]
[BlackElo "2370"]
[Result "0-1"]
[Round "07"]
[TimeControl "180+2"]
[Date "2023.01.17"]
[WhiteClock "0:00:05"]
[BlackClock "0:00:06"]

1. e4 c6 2. d4 d5 3. f3 dxe4 4. fxe4 e5 5. Nf3 exd4 6. Bc4 Bb4+ 7. Bd2 Bxd2+ 8. Nbxd2 Nh6 9. O-O O-O 10. a4 Bg4 11. Qe1 Bxf3 12. Rxf3 Nd7 13. Qg3 Qe7 14. Bb3 Ne5 15. Rf4 c5 16. Raf1 Rad8 17. Rh4 Ng6 18. Rh5 b6 19. Kh1 Kh8 20. Bd5 Rd6 21. Nf3 f6 22. Nh4 Nxh4 23. Qxh4 a6 24. Bc4 b5 25. axb5 axb5 26. Bxb5 Rb6 27. Bd3 Rxb2 28. e5 Rb6 29. exf6 Rbxf6 30. Re1 Qf7 31. h3 Rf4 32. Qg5 c4 33. Be2 Rf2 34. Qe5 Re8 35. Qxd4 Rfxe2 36. Rxe2 Qf1+ 37. Kh2 Rxe2 38. Rg5 Re7 39. Rg3 Ng8 40. Qc5 Qe2 41. c3 Qe5 42. Qc8 h6 43. h4 Kh7 44. Kh3 Nf6 45. Qxc4 Qe6+ 46. Qxe6 Rxe6 47. Rf3 Rc6 48. Kg3 Nd5 49. Rf5 Rxc3+ 50. Kh2 Nf6 51. Rf2 Ng4+ 52. Kg1 Nxf2 53. Kxf2 Kg6 0-1


[Site "https://www.chess.com"]

[Event "Titled Tuesday Blitz January 17 Early 2023"]
[White "Tomaszewski, Kacper"]
[Black "Niekras, Dawid"]
[WhiteFideId "1127373"]
[BlackFideId "1160451"]
[WhiteElo "2313"]
[BlackElo "2315"]
[Result "1-0"]
[Round "07"]
[TimeControl "180+2"]
[Date "2023.01.17"]
[WhiteClock "0:00:08"]
[BlackClock "0:00:01"]

1. Nf3 g6 2. g3 Bg7 3. Bg2 c5 4. O-O Nc6 5. c4 e5 6. Nc3 Nge7 7. a3 O-O 8. b4 cxb4 9. axb4 e4 10. Ng5 d5 11. b5 Ne5 12. cxd5 Nxd5 13. Ngxe4 Nxc3 14. Nxc3 Bg4 15. Qb3 Qd7 16. Ba3 Rfe8 17. Ne4 Bxe2 18. Rfe1 Bc4 19. Qc3 Bxb5 20. d4 Nc4 21. Nc5 Qxd4 22. Qxd4 Bxd4 23. Bxb7 Rab8 24. Rxe8+ Rxe8 25. Rd1 Nxa3 26. Rxd4 Re1+ 27. Kg2 Kg7 28. Rd8 Rc1 29. Ne4 Bf1+ 30. Kf3 Nb5 31. Nd6 Nxd6 32. Rxd6 Rc3+ 33. Kf4 Rc2 34. f3 Rxh2 35. Bd5 Bb5 36. Rd8 Ba4 37. Bc4 Rh5 38. Rb8 Rf5+ 39. Ke3 Rc5 40. Rb4 Rc7 41. Rxa4 h5 42. Bd3 Re7+ 43. Kd2 Kh6 44. Be4 Rd7+ 45. Bd3 f5 46. Ra6 Kg5 47. Ke2 Re7+ 48. Kf2 Rd7 49. f4+ Kh6 50. Bxf5 Rg7 51. Be4 h4 52. f5 hxg3+ 53. Kxg3 Kg5 54. Rxg6+ Rxg6 55. fxg6 Kf6 56. Bb1 a5 57. Kg4 a4 58. Kh5 a3 59. Kh6 Ke7 60. Ba2 1-0


[Site "https://www.chess.com"]

[Event "Titled Tuesday Blitz January 17 Early 2023"]
[White "Kazancev, Valerij M"]
[Black "Melikyan, Gnel"]
[WhiteFideId "4179609"]
[BlackFideId "54109990"]
[WhiteElo "2313"]
[BlackElo "2238"]
[Result "0-1"]
[Round "07"]
[TimeControl "180+2"]
[Date "2023.01.17"]
[WhiteClock "0:00:08"]
[BlackClock "0:00:08"]

1. c4 a5 2. Nc3 g6 3. h4 h5 4. g3 Bg7 5. Bg2 c6 6. Nh3 Nf6 7. O-O O-O 8. d4 d6 9. Ng5 Na6 10. Bd2 Qb6 11. e3 Nb4 12. a3 Na6 13. b3 Qc7 14. Rc1 e5 15. d5 Bg4 16. Qc2 Nc5 17. b4 axb4 18. axb4 Na6 19. dxc6 bxc6 20. b5 Nb4 21. Qb3 Nd3 22. Rb1 Nc5 23. Qc2 Bf5 24. e4 Bd7 25. Be3 Ne6 26. Nxe6 Bxe6 27. c5 Ng4 28. b6 Nxe3 29. fxe3 Qe7 30. cxd6 Qxd6 31. Na4 Qa3 32. Nc5 Qxe3+ 33. Kh2 Ra2 34. Qc1 Qe2 35. Rg1 Rc2 36. Qa3 Bg4 37. Rbe1 Qf2 38. Ref1 Qxc5 39. Qxc5 Rxc5 40. b7 Rb5 41. Rb1 Rxb1 42. Rxb1 Rb8 43. Bf1 Bf3 44. Bd3 c5 45. Rb6 c4 46. Bxc4 Bxe4 47. Ba6 Kh7 0-1


[Site "https://www.chess.com"]

[Event "Titled Tuesday Blitz January 17 Early 2023"]
[White "marik_spb"]
[Black "Fiorito, Joaquin"]
[BlackFideId "180173"]
[WhiteElo "2466"]
[BlackElo "2405"]
[Result "1-0"]
[Round "07"]
[TimeControl "180+2"]
[Date "2023.01.17"]
[WhiteClock "0:00:07"]
[BlackClock "0:01:11"]

1. d4 Nf6 2. c4 e6 3. g3 d5 4. Bg2 dxc4 5. Nf3 c5 6. O-O Nc6 7. Qa4 Bd7 8. Qxc4 b5 9. Qxb5 Nxd4 10. Qd3 Bb5 11. Nxd4 Bxd3 12. Nc6 Qc7 13. exd3 Nd5 14. Bxd5 exd5 15. Re1+ Kd7 16. Ne5+ Kc8 17. Nc3 Qb7 18. Bf4 f6 19. Nf3 Kd7 20. Re2 g5 21. Bd2 Bd6 22. d4 c4 23. Na4 Rhe8 24. Rae1 Rxe2 25. Rxe2 Re8 26. Rxe8 Kxe8 27. Bc3 Qb5 28. Nc5 Bxc5 29. dxc5 Qxc5 30. Bxf6 g4 31. Nd4 Qb6 32. Be5 Qxb2 33. h3 c3 34. Ne6 Qb1+ 35. Kh2 c2 36. Bf4 c1=Q 37. Bxc1 Qxc1 38. hxg4 Qc2 39. Kg1 Qxa2 40. g5 Qb1+ 41. Kh2 Qf5 42. Ng7+ Ke7 43. Nxf5+ Ke6 44. Nd4+ Kd7 45. Kg2 a5 46. Kf3 a4 47. Nc2 Kd6 48. Ke3 Ke5 49. f4+ Kf5 50. Kf3 Ke6 51. g4 Kd6 52. Ke3 Kc5 53. Kd3 Kb5 54. Kd4 Kc6 55. f5 Kd6 56. Na3 Kc6 57. g6 hxg6 58. fxg6 Kd6 59. g7 Ke7 60. g8=Q 1-0


[Site "https://www.chess.com"]

[Event "Titled Tuesday Blitz January 17 Early 2023"]
[White "Bodnaruk, Anastasia"]
[Black "Boder, Jan"]
[WhiteFideId "4181751"]
[BlackFideId "16243226"]
[WhiteElo "2350"]
[BlackElo "2294"]
[Result "1-0"]
[Round "07"]
[TimeControl "180+2"]
[Date "2023.01.17"]
[WhiteClock "0:00:12"]
[BlackClock "0:00:01"]

1. e4 c5 2. Nc3 g6 3. g3 Bg7 4. Bg2 Nc6 5. d3 e5 6. f4 d6 7. Nf3 Nge7 8. O-O O-O 9. Nd5 Nxd5 10. exd5 Nd4 11. Ne1 exf4 12. Bxf4 Re8 13. Rf2 Nf5 14. c3 Ne3 15. Bxe3 Rxe3 16. Nc2 Re8 17. Qf3 Rf8 18. Ne3 b5 19. Rc1 Ba6 20. h4 h5 21. Bh3 Bc8 22. Bxc8 Rxc8 23. Ng2 Rc7 24. g4 hxg4 25. Qxg4 Qd7 26. Qf3 Qd8 27. Rcf1 Re7 28. h5 Re5 29. Nf4 Qh4 30. Rg2 Rg5 31. Rf2 Be5 32. Nxg6 Rxg2+ 33. Kxg2 Qg5+ 34. Kh1 Qc1+ 35. Kg2 Qg5+ 36. Kh3 f6 37. Rg2 Qh6 38. Nxe5+ 1-0


[Site "https://www.chess.com"]

[Event "Titled Tuesday Blitz January 17 Early 2023"]
[White "Sanchez, Robert"]
[Black "Royal, Shreyas"]
[WhiteFideId "2034360"]
[BlackFideId "448869"]
[WhiteElo "1966"]
[BlackElo "2438"]
[Result "0-1"]
[Round "07"]
[TimeControl "180+2"]
[Date "2023.01.17"]
[WhiteClock "0:00:22"]
[BlackClock "0:01:37"]

1. e4 c5 2. Nf3 d6 3. d4 cxd4 4. Nxd4 Nf6 5. Nc3 a6 6. Be3 e5 7. Nb3 Be6 8. f3 Nbd7 9. Qd2 Be7 10. O-O-O Qc7 11. g4 h6 12. h4 b5 13. Kb1 Nc5 14. Be2 Na4 15. Nd5 Nxd5 16. exd5 Bd7 17. f4 exf4 18. Bd4 O-O 19. g5 Bf5 20. gxh6 g6 21. h7+ Kxh7 22. h5 g5 23. Bd3 Qd7 24. Rde1 Rae8 25. Na5 Bd8 26. Nc6 Bb6 27. Qg2 Bxd4 28. Nxd4 Bxd3 29. cxd3 Rg8 30. Re4 Nc5 31. Rxe8 Qxe8 32. Qd2 Qe5 33. Nf3 Qxd5 34. Rf1 Qxd3+ 0-1


[Site "https://www.chess.com"]

[Event "Titled Tuesday Blitz January 17 Early 2023"]
[White "Buchenau, Frank"]
[Black "Tasev, Dejan"]
[WhiteFideId "4604350"]
[BlackFideId "936618"]
[WhiteElo "2222"]
[BlackElo "2205"]
[Result "0-1"]
[Round "07"]
[TimeControl "180+2"]
[Date "2023.01.17"]
[WhiteClock "0:00:12"]
[BlackClock "0:00:40"]

1. e4 c5 2. Nf3 Nc6 3. Bb5 g6 4. Bxc6 dxc6 5. d3 Bg7 6. O-O e5 7. Be3 b6 8. a4 a5 9. Na3 f6 10. Nc4 Be6 11. Nfd2 Nh6 12. h3 Nf7 13. b4 axb4 14. a5 b5 15. Nb6 Rxa5 16. Rxa5 Qxb6 17. Ra8+ Nd8 18. Nb3 Bf8 19. f4 Be7 20. fxe5 fxe5 21. Qa1 Bxb3 22. Qxe5 Rf8 23. Rxf8+ Kxf8 24. cxb3 Kf7 25. Qf4+ Ke8 26. Qb8 Qxb8 27. Rxb8 Kd7 28. Ra8 Ne6 29. Ra7+ Ke8 30. Kf2 h5 31. Ke2 Bf6 32. Ra6 Kd7 33. Ra7+ Kd6 34. g4 hxg4 35. hxg4 Bd4 36. Rf7 Be5 37. Rh7 g5 38. Rh6 Kd7 39. Rg6 Bf4 40. Bf2 c4 41. dxc4 bxc4 42. bxc4 b3 43. Rf6 b2 44. Rf7+ Kc8 0-1


[Site "https://www.chess.com"]

[Event "Titled Tuesday Blitz January 17 Early 2023"]
[White "Ordekalog"]
[Black "Bruned, Yvain"]
[BlackFideId "2250292"]
[WhiteElo "2578"]
[BlackElo "2286"]
[Result "0-1"]
[Round "07"]
[TimeControl "180+2"]
[Date "2023.01.17"]
[WhiteClock "0:00:03"]
[BlackClock "0:00:09"]

1. e4 b6 2. d4 Bb7 3. Bg5 Bxe4 4. Nc3 Bb7 5. Nf3 d5 6. Bd3 Nf6 7. Qe2 e6 8. Ne5 Be7 9. h4 h6 10. Bf4 c6 11. g4 Nbd7 12. O-O-O Nxe5 13. Bxe5 g6 14. Rde1 Qd7 15. Qf3 Qd8 16. Re2 Rg8 17. Rhe1 Nd7 18. Bg3 Nf8 19. Qh1 Qd7 20. f4 O-O-O 21. Qf3 Bd6 22. Kb1 Qc7 23. Rf1 f5 24. Be1 Kb8 25. g5 h5 26. Bd2 Bc8 27. Rfe1 Rg7 28. Nd1 Qb7 29. Nf2 b5 30. c3 Rc7 31. Bc2 Rcd7 32. Nd3 a5 33. Rxe6 Nxe6 34. Rxe6 Rg7 35. Qe2 Bxe6 36. Qxe6 Qe7 37. Qxe7 Rxe7 38. Ne5 Bxe5 39. fxe5 Re6 40. Bf4 Ka7 41. a4 Kb6 42. Ka2 Rb8 43. axb5 cxb5 44. Ka3 Rd8 45. Bd3 Rc6 46. Kb3 Rc4 47. Be3 Re8 48. Bf4 a4+ 49. Kc2 Re6 50. Be2 Rec6 51. Bf3 b4 52. Bxd5 b3+ 53. Kd3 a3 54. bxa3 Rxc3+ 55. Kd2 b2 56. Ba2 Rxa3 57. Bb1 Ra1 58. d5 Rxb1 59. Be3+ Kc7 60. dxc6 Kxc6 61. Kc2 Re1 0-1


[Site "https://www.chess.com"]

[Event "Titled Tuesday Blitz January 17 Early 2023"]
[White "Aizpurua, Patrick Emilio"]
[Black "Horcajuelo Rocamora, Martin"]
[WhiteFideId "6600522"]
[BlackFideId "24573027"]
[WhiteElo "2304"]
[BlackElo "2107"]
[Result "1-0"]
[Round "07"]
[TimeControl "180+2"]
[Date "2023.01.17"]
[WhiteClock "0:00:42"]
[BlackClock "0:00:16"]

1. Nf3 c5 2. c4 Nf6 3. g3 b6 4. Bg2 Bb7 5. O-O d5 6. d3 dxc4 7. dxc4 Qxd1 8. Rxd1 Nbd7 9. Nc3 O-O-O 10. Bf4 h6 11. h4 a6 12. a4 Nh5 13. Be3 e5 14. a5 bxa5 15. Rxa5 e4 16. Nd2 f5 17. Bh3 g6 18. Nb3 Nhf6 19. Na4 Be7 20. Rc1 Kc7 21. Nbxc5 Nxc5 22. Bxc5 Bxc5 23. Nxc5 Rd2 24. b4 Rxe2 25. Ne6+ Kd6 26. Nf4 Rb2 27. Nxg6 Rg8 28. Bxf5 Rxb4 29. Rd1+ Kc7 30. h5 Nxh5 31. Rd7+ Kb8 32. Rxb7+ Rxb7 33. Bxe4 Rb4 34. Rxh5 Rxc4 35. Bf5 Rc5 36. g4 a5 37. Kg2 a4 38. Rh3 Ra5 39. Ra3 h5 40. f3 hxg4 41. fxg4 Rd8 42. Kf3 Rd4 43. Nf4 Rb4 44. Be6 Kc7 45. Nd5+ Rxd5 46. Bxd5 Kd6 47. Bf7 Ke7 48. Ba2 Kf6 49. Re3 Rb2 50. Re2 Rb4 51. Re4 Rb2 52. Rxa4 Kg5 53. Ra5+ Kh4 54. Rh5# 1-0


[Site "https://www.chess.com"]

[Event "Titled Tuesday Blitz January 17 Early 2023"]
[White "Yelisieiev, Yevhenii"]
[Black "Mestnikov, Aisen"]
[WhiteFideId "14139642"]
[BlackFideId "34130117"]
[WhiteElo "2418"]
[BlackElo "2078"]
[Result "1-0"]
[Round "07"]
[TimeControl "180+2"]
[Date "2023.01.17"]
[WhiteClock "0:00:09"]
[BlackClock "0:00:01"]

1. d4 d5 2. Nf3 Nf6 3. c4 g6 4. g3 Bg7 5. Bg2 O-O 6. O-O dxc4 7. Na3 c3 8. bxc3 c5 9. Qb3 cxd4 10. cxd4 Nc6 11. Rd1 Qa5 12. d5 Nd8 13. Nc4 Qa6 14. Nfe5 Nd7 15. d6 exd6 16. Rxd6 Nb6 17. Bb2 Be6 18. Qb4 Bxc4 19. Nxc4 Bxb2 20. Nxb2 Qxe2 21. Re1 Qc2 22. a4 Nc6 23. Bxc6 bxc6 24. Qd4 c5 25. Qf6 Nxa4 26. Nd3 Nc3 27. Ne5 Ne2+ 28. Kg2 Nd4 29. Rd7 Qb3 30. Ng4 h5 31. Nh6+ Kh7 32. Nxf7 1-0


[Site "https://www.chess.com"]

[Event "Titled Tuesday Blitz January 17 Early 2023"]
[White "Albertini, Luca"]
[Black "Divya Deshmukh"]
[WhiteFideId "847038"]
[BlackFideId "35006916"]
[WhiteElo "2084"]
[BlackElo "2372"]
[Result "0-1"]
[Round "07"]
[TimeControl "180+2"]
[Date "2023.01.17"]
[WhiteClock "0:01:12"]
[BlackClock "0:02:02"]

1. e4 c5 2. Nf3 e6 3. c4 d5 4. exd5 exd5 5. d4 cxd4 6. cxd5 Qxd5 7. Qxd4 Qxd4 8. Nxd4 Nf6 9. Bg5 Bb4+ 10. Nc3 Ne4 11. Bd2 Nxd2 12. Kxd2 O-O 13. a3 Bc5 14. Nb3 Bxf2 15. Bd3 Nc6 16. Rhf1 Bb6 17. Nd5 Be6 18. Nxb6 axb6 19. Kc2 Rac8 20. Nc1 Rfd8 21. Kb1 Ne5 22. Bc2 Nc4 23. Rf2 Nd2+ 24. Rxd2 Rxd2 25. Be4 Rd1 26. Bc2 Bf5 27. Bxf5 Rcxc1+ 28. Ka2 Rxa1+ 29. Kb3 Rd2 0-1


[Site "https://www.chess.com"]

[Event "Titled Tuesday Blitz January 17 Early 2023"]
[White "Heinemann, Josefine"]
[Black "Ginzburg, Yakov"]
[WhiteFideId "12900460"]
[BlackFideId "4157176"]
[WhiteElo "2289"]
[BlackElo "2405"]
[Result "0-1"]
[Round "07"]
[TimeControl "180+2"]
[Date "2023.01.17"]
[WhiteClock "0:00:01"]
[BlackClock "0:00:04"]

1. e4 c5 2. Nf3 e6 3. d4 cxd4 4. Nxd4 Nf6 5. Nc3 Nc6 6. Ndb5 Bb4 7. a3 Bxc3+ 8. Nxc3 d5 9. exd5 exd5 10. Bd3 O-O 11. O-O d4 12. Ne2 h6 13. h3 Re8 14. Re1 Qd5 15. Nf4 Rxe1+ 16. Qxe1 Qe5 17. Bd2 Bd7 18. Qxe5 Nxe5 19. Re1 Nxd3 20. Nxd3 Bf5 21. Re5 Bg6 22. Re7 Rc8 23. Ne1 Be4 24. c3 d3 25. f3 Bg6 26. Kf2 Nd5 27. Rxb7 Re8 28. Rd7 Re2+ 29. Kg3 Rxd2 30. Rxd5 Rd1 31. Rd8+ Kh7 32. Nxd3 Rxd3 33. Ra8 Rd2 34. b4 Rc2 35. Rxa7 Rxc3 36. h4 Bd3 37. a4 Rb3 38. b5 Rb2 39. Rxf7 Bf1 40. Ra7 Bxg2 41. Kf4 Rb3 42. Ke5 Bxf3 43. Kd4 Kg6 44. Kc5 Kf6 45. a5 g5 46. hxg5+ hxg5 47. a6 g4 48. Rd7 g3 49. Rd6+ Kf5 50. Rd8 g2 51. Rg8 Bg4 52. Rf8+ Ke4 53. Re8+ Kf3 54. Re1 Re3 55. Ra1 Re8 56. a7 Kf2 57. b6 Bf3 58. Kd6 g1=Q 0-1


[Site "https://www.chess.com"]

[Event "Titled Tuesday Blitz January 17 Early 2023"]
[White "Golubev, Mikhail"]
[Black "Marn, Jan"]
[WhiteFideId "14100983"]
[BlackFideId "14619245"]
[WhiteElo "2461"]
[BlackElo "2345"]
[Result "1-0"]
[Round "07"]
[TimeControl "180+2"]
[Date "2023.01.17"]
[WhiteClock "0:02:25"]
[BlackClock "0:01:49"]

1. e4 e5 2. Nf3 Nc6 3. Bc4 Bc5 4. c3 Nf6 5. d4 exd4 6. cxd4 Bb4+ 7. Nbd2 Nxe4 8. d5 Ne7 9. O-O Nxd2 10. Nxd2 d6 11. Qa4+ Bd7 12. Qxb4 O-O 13. Nf3 Ng6 14. Bg5 f6 15. Be3 b6 16. Nd4 f5 17. Ne6 Bxe6 18. dxe6 Ne7 19. Bg5 c6 20. Rad1 c5 21. Qd2 1-0


[Site "https://www.chess.com"]

[Event "Titled Tuesday Blitz January 17 Early 2023"]
[White "Garv Gaur"]
[Black "Hirneise, Jens"]
[WhiteFideId "45030839"]
[BlackFideId "24614734"]
[WhiteElo "2006"]
[BlackElo "2277"]
[Result "1/2-1/2"]
[Round "07"]
[TimeControl "180+2"]
[Date "2023.01.17"]
[WhiteClock "0:00:33"]
[BlackClock "0:00:44"]

1. d4 Nf6 2. Nf3 d5 3. c4 dxc4 4. g3 b6 5. Bg2 Bb7 6. O-O e6 7. a4 Be7 8. Qc2 O-O 9. Qxc4 Nc6 10. Bf4 Na5 11. Qxc7 Qxc7 12. Bxc7 Rac8 13. Bf4 Nb3 14. Ra2 Bxf3 15. Bxf3 Nxd4 16. Nc3 Nxf3+ 17. exf3 Rfd8 18. a5 bxa5 19. Rxa5 Bb4 20. Rxa7 Bxc3 21. bxc3 Rxc3 22. Kg2 Nd5 23. Be5 Rc2 24. Kg1 Re2 25. Bd4 Rd2 26. Be3 Nxe3 27. fxe3 Re2 28. e4 g5 29. Rf2 Rdd2 30. Rxe2 Rxe2 31. Ra1 Kg7 32. Rf1 Kf6 33. Rf2 Re1+ 34. Kg2 Ke5 35. Rb2 Kf6 36. Ra2 h5 37. h4 gxh4 38. gxh4 e5 39. Ra6+ Kg7 40. Ra5 f6 41. Ra8 Rb1 42. Ra7+ Kg6 43. Ra8 Kg7 44. Ra7+ Kg6 45. Ra8 Kg7 1/2-1/2


[Site "https://www.chess.com"]

[Event "Titled Tuesday Blitz January 17 Early 2023"]
[White "Luukkonen, Tommi"]
[Black "Belov, Alexei"]
[WhiteFideId "501808"]
[BlackFideId "4128206"]
[WhiteElo "2292"]
[BlackElo "2421"]
[Result "0-1"]
[Round "07"]
[TimeControl "180+2"]
[Date "2023.01.17"]
[WhiteClock "0:00:06"]
[BlackClock "0:00:35"]

1. d4 Nf6 2. Nc3 e6 3. e4 d5 4. e5 Ne4 5. Nxe4 dxe4 6. Bc4 a6 7. c3 b5 8. Bb3 Bb7 9. Ne2 c5 10. Be3 Nc6 11. O-O Qh4 12. Qe1 Be7 13. a4 O-O 14. f4 exf3 15. gxf3 cxd4 16. cxd4 Qh5 17. Ng3 Qg6 18. Qf2 Nb4 19. Qg2 Qd3 20. Rae1 Qxb3 21. Nh5 g6 22. Bh6 Qd3 23. Rd1 Qf5 24. Ng3 Qc2 25. Rd2 Qb3 26. Ne4 Bxe4 27. fxe4 Rac8 28. Rdf2 Rc2 29. Bxf8 Bxf8 30. Rxc2 Qxc2 31. Qf3 Qc7 32. d5 exd5 33. exd5 Qc5+ 34. Kh1 Qxd5 35. Qxd5 Nxd5 36. axb5 axb5 37. Rd1 Ne3 38. Rd8 Nc4 39. Rb8 b4 40. b3 Nxe5 41. Kg2 Nd3 42. Kf3 Nc1 0-1


[Site "https://www.chess.com"]